TOP OF THE 1ST |
Hillsboro Hops batting - Pitching for West Virginia Black Bears : RHP Eric Bourque
|
Pitching: RHP Eric Bourque
|
|
Batting: LHB Tommy King
|
0-0: Called Strike 0-1: Swinging Strike 0-2: Strikes out swinging
|
Batting: RHB Jonathan Underhill
|
0-0: Ball 1-0: Ball 2-0: Called Strike 2-1: Swinging Strike 2-2: Strikes out swinging
|
Batting: RHB Nikita Schram
|
0-0: Ball 1-0: Ball 2-0: SOLO HOME RUN (Flyball, 78XD, EV 113.8 MPH), Distance : 435 ft
|
Batting: LHB Franklin Quezada
|
0-0: Called Strike 0-1: Ball 1-1: Foul Ball, location: 2F 1-2: Ground out 6-3 (Groundball, 6, EV 100.0 MPH)
|
Top of the 1st over - 1 run, 1 hit, 0 errors, 0 left on base; Hillsboro 1 - West Virginia 0 |
BOTTOM OF THE 1ST |
West Virginia Black Bears batting - Pitching for Hillsboro Hops : RHP Justin Gasper
|
Pitching: RHP Justin Gasper
|
|
Batting: RHB Terrence Wilson
|
0-0: Called Strike 0-1: Ball 1-1: Ground out 5-3 (Groundball, 5, EV 105.0 MPH)
|
Batting: LHB Josh Aerni
|
0-0: SINGLE (Line Drive, 8RS, EV 107.5 MPH)
|
Batting: RHB Jaime Dubicki
|
0-0: Called Strike 0-1: Ball 1-1: Ball 2-1: Ball 3-1: Foul Ball, location: 2F 3-2: SINGLE (Groundball, 6MD, EV 105.6 MPH) Josh Aerni to second Josh Aerni to third
|
Batting: SHB Curtis Thompson
|
0-0: Called Strike 0-1: Fly out, F8 (Line Drive, 8RD, EV 96.9 MPH) Runner from 3rd tags up, OUT at HOME! 8-2
|
Bottom of the 1st over - 0 runs, 2 hits, 0 errors, 1 left on base; Hillsboro 1 - West Virginia 0 |
TOP OF THE 2ND |
Hillsboro Hops batting - Pitching for West Virginia Black Bears : RHP Eric Bourque
|
Batting: RHB Terry Jarrells
|
0-0: Foul Ball, location: 2F 0-1: Ground out 6-3 (Groundball, 6, EV 83.1 MPH)
|
Batting: RHB Sean Tanner
|
0-0: Ball 1-0: Ball 2-0: Swinging Strike 2-1: Foul Ball, location: 2F 2-2: Foul Ball, location: 2F 2-2: Strikes out swinging
|
Batting: RHB Chris McGrath
|
0-0: Swinging Strike 0-1: Foul Ball, location: 2F 0-2: Strikes out swinging
|
Top of the 2nd over - 0 runs, 0 hits, 0 errors, 0 left on base; Hillsboro 1 - West Virginia 0 |
BOTTOM OF THE 2ND |
West Virginia Black Bears batting - Pitching for Hillsboro Hops : RHP Justin Gasper
|
Batting: RHB Tim Moore
|
0-0: Ball 1-0: Ball 2-0: SINGLE (Line Drive, 9S, EV 103.1 MPH)
|
Batting: RHB Tom Tate
|
0-0: Called Strike 0-1: Ball 1-1: DOUBLE (Line Drive, 7LM, EV 108.8 MPH) Tim Moore to third Runner from 3rd tries for Home, SAFE, throw by LF to home
|
Batting: LHB Aito Harada
|
0-0: Ball 1-0: Called Strike 1-1: Foul Ball, location: 2F 1-2: Ball 2-2: Fly out, F7 (Flyball, 7D, EV 95.6 MPH) Runner from 2nd tags up, SAFE at 3rd, no throw by LF
|
Batting: RHB Brian Moore
|
0-0: Called Strike 0-1: Foul Ball, location: 2F 0-2: Strikes out swinging
|
Batting: RHB Tyler West
|
0-0: Ground out 4-3 (Groundball, 4, EV 91.9 MPH)
|
Bottom of the 2nd over - 1 run, 2 hits, 0 errors, 1 left on base; Hillsboro 1 - West Virginia 1 |
TOP OF THE 3RD |
Hillsboro Hops batting - Pitching for West Virginia Black Bears : RHP Eric Bourque
|
Batting: RHB Orlando Florez
|
0-0: Called Strike 0-1: Ball 1-1: Called Strike 1-2: Fly out, F8 (Flyball, 8RD, EV 100.6 MPH)
|
Batting: RHB Ryuki Ogasawara
|
0-0: Ball 1-0: Hit by Pitch
|
Batting: LHB Tommy King
|
0-0: Called Strike 0-1: Ball 1-1: Called Strike Ryuki Ogasawara steals 2nd base 1-2: Strikes out looking
|
Batting: RHB Jonathan Underhill
|
0-0: Ball 1-0: Swinging Strike 1-1: Foul Ball, location: 2F 1-2: Strikes out swinging
|
Top of the 3rd over - 0 runs, 0 hits, 0 errors, 1 left on base; Hillsboro 1 - West Virginia 1 |
BOTTOM OF THE 3RD |
West Virginia Black Bears batting - Pitching for Hillsboro Hops : RHP Justin Gasper
|
Batting: RHB Terrence Wilson
|
0-0: Ground out 5-3 (Groundball, 56, EV 79.4 MPH)
|
Batting: LHB Josh Aerni
|
0-0: Called Strike 0-1: Swinging Strike 0-2: Ball 1-2: Ball 2-2: Foul Ball, location: 2F 2-2: Strikes out swinging
|
Batting: RHB Jaime Dubicki
|
0-0: Foul Ball, location: 2F 0-1: Ball 1-1: Called Strike 1-2: Foul Ball, location: 2F 1-2: Fly out, F7 (Line Drive, 78S, EV 95.0 MPH)
|
Bottom of the 3rd over - 0 runs, 0 hits, 0 errors, 0 left on base; Hillsboro 1 - West Virginia 1 |
TOP OF THE 4TH |
Hillsboro Hops batting - Pitching for West Virginia Black Bears : RHP Eric Bourque
|
Batting: RHB Nikita Schram
|
0-0: Ball 1-0: Ball 2-0: Ball 3-0: Base on Balls
|
Batting: LHB Franklin Quezada
|
0-0: Ball 1-0: Ball 2-0: Ball 3-0: Called Strike 3-1: Base on Balls Nikita Schram to second
|
Batting: RHB Terry Jarrells
|
0-0: Ball 1-0: Ball 2-0: Swinging Strike 2-1: Foul Ball, location: 2F 2-2: Strikes out swinging
|
Batting: RHB Sean Tanner
|
0-0: Foul Ball, location: 2F 0-1: Ball 1-1: Swinging Strike 1-2: DOUBLE (Line Drive, 5D, EV 103.1 MPH) Nikita Schram scores Franklin Quezada to third Runner from 3rd tries for Home, throw by LF and OUT! 7-6-2 Sean Tanner to third
|
Batting: RHB Chris McGrath
|
0-0: Swinging Strike 0-1: Ball 1-1: Ball 2-1: Foul Ball, location: 2F 2-2: Ball 3-2: Strikes out looking
|
Top of the 4th over - 1 run, 1 hit, 0 errors, 1 left on base; Hillsboro 2 - West Virginia 1 |
BOTTOM OF THE 4TH |
West Virginia Black Bears batting - Pitching for Hillsboro Hops : RHP Justin Gasper
|
Batting: SHB Curtis Thompson
|
0-0: Ball 1-0: Ground out 2-3 (Groundball, 13S, EV 65.6 MPH)
|
Batting: RHB Tim Moore
|
0-0: Called Strike 0-1: Ground out 5-3 (Groundball, 5, EV 84.4 MPH)
|
Batting: RHB Tom Tate
|
0-0: Ball 1-0: Ground out 4-3 (Groundball, P, EV 83.8 MPH)
|
Bottom of the 4th over - 0 runs, 0 hits, 0 errors, 0 left on base; Hillsboro 2 - West Virginia 1 |
TOP OF THE 5TH |
Hillsboro Hops batting - Pitching for West Virginia Black Bears : RHP Eric Bourque
|
Batting: RHB Orlando Florez
|
0-0: Called Strike 0-1: Swinging Strike 0-2: Strikes out swinging, 2-3 out at first.
|
Batting: RHB Ryuki Ogasawara
|
0-0: Ball 1-0: Called Strike 1-1: Ground out 6-3 (Groundball, 6, EV 107.5 MPH)
|
Batting: LHB Tommy King
|
0-0: Called Strike 0-1: Ball 1-1: Called Strike 1-2: Strikes out swinging
|
Top of the 5th over - 0 runs, 0 hits, 0 errors, 0 left on base; Hillsboro 2 - West Virginia 1 |
BOTTOM OF THE 5TH |
West Virginia Black Bears batting - Pitching for Hillsboro Hops : RHP Justin Gasper
|
Batting: LHB Aito Harada
|
0-0: Ground out 2-3 (Groundball, 13S, EV 71.2 MPH)
|
Batting: RHB Brian Moore
|
0-0: Swinging Strike 0-1: Fly out, F8 (Line Drive, 8LM, EV 92.5 MPH)
|
Batting: RHB Tyler West
|
0-0: Called Strike 0-1: Ball 1-1: Called Strike 1-2: Ground out 5-3 (Groundball, 56, EV 89.4 MPH)
|
Bottom of the 5th over - 0 runs, 0 hits, 0 errors, 0 left on base; Hillsboro 2 - West Virginia 1 |
TOP OF THE 6TH |
Hillsboro Hops batting - Pitching for West Virginia Black Bears : RHP Eric Bourque
|
Batting: RHB Jonathan Underhill
|
0-0: Foul Ball, location: 2F 0-1: Ball 1-1: Foul Ball, location: 2F 1-2: Ball 2-2: Strikes out swinging
|
Batting: RHB Nikita Schram
|
0-0: Swinging Strike 0-1: Foul Ball, location: 2F 0-2: Ground out 1-3 (Groundball, 13S, EV 70.0 MPH)
|
Batting: LHB Franklin Quezada
|
0-0: DOUBLE (Line Drive, 7LS, EV 95.6 MPH)
|
Batting: RHB Terry Jarrells
|
0-0: Foul Ball, location: 2F 0-1: Foul Ball, location: 2F 0-2: Strikes out swinging
|
Top of the 6th over - 0 runs, 1 hit, 0 errors, 1 left on base; Hillsboro 2 - West Virginia 1 |
BOTTOM OF THE 6TH |
West Virginia Black Bears batting - Pitching for Hillsboro Hops : RHP Justin Gasper
|
Batting: RHB Terrence Wilson
|
0-0: Called Strike 0-1: SINGLE (Groundball, 56S, EV 69.4 MPH) (infield hit)
|
Batting: LHB Josh Aerni
|
0-0: Called Strike 0-1: Ball 1-1: SINGLE (Groundball, 34D, EV 101.2 MPH) Terrence Wilson to second Runner from 2nd tries for 3rd, SAFE, throw by RF made to third
|
Batting: RHB Jaime Dubicki
|
0-0: Called Strike 0-1: Called Strike 0-2: Grounds into double play, 3-6-3 (Groundball, 3, EV 103.1 MPH) Terrence Wilson scores
|
Batting: SHB Curtis Thompson
|
0-0: Swinging Strike 0-1: Swinging Strike 0-2: Strikes out swinging
|
Bottom of the 6th over - 1 run, 2 hits, 0 errors, 0 left on base; Hillsboro 2 - West Virginia 2 |
TOP OF THE 7TH |
Hillsboro Hops batting - Pitching for West Virginia Black Bears : RHP Eric Bourque
|
Pitching: RHP Mike Rosen
|
|
Batting: RHB Sean Tanner
|
0-0: Foul Ball, location: 2F 0-1: Swinging Strike 0-2: Ground out 3-1 (Groundball, 13, EV 83.8 MPH)
|
Batting: RHB Chris McGrath
|
0-0: Ball 1-0: Ball 2-0: Foul Ball, location: 2F 2-1: Swinging Strike 2-2: Ground out 6-3 (Groundball, 6, EV 85.6 MPH)
|
Batting: RHB Orlando Florez
|
0-0: Foul Ball, location: 2F 0-1: Swinging Strike 0-2: Strikes out looking
|
Top of the 7th over - 0 runs, 0 hits, 0 errors, 0 left on base; Hillsboro 2 - West Virginia 2 |
BOTTOM OF THE 7TH |
West Virginia Black Bears batting - Pitching for Hillsboro Hops : RHP Justin Gasper
|
Batting: RHB Tim Moore
|
0-0: Foul Ball, location: 2F 0-1: Foul Ball, location: 2F 0-2: Ball 1-2: Strikes out swinging
|
Batting: RHB Tom Tate
|
0-0: Ball 1-0: Ball 2-0: Called Strike 2-1: Foul Ball, location: 2F 2-2: Foul Ball, location: 2F 2-2: Foul Ball, location: 2F 2-2: Ball 3-2: Hit by Pitch
|
Batting: LHB Aito Harada
|
0-0: Ball 1-0: Ball 2-0: Ball 3-0: Fielders Choice at 2nd, 6-4 (Groundball, 6, EV 81.2 MPH)
|
Pinch Hitting: LHB Norm Silveira-Wray
|
0-0: Ground out 4-3 (Groundball, 4, EV 84.4 MPH)
|
Bottom of the 7th over - 0 runs, 0 hits, 0 errors, 1 left on base; Hillsboro 2 - West Virginia 2 |
TOP OF THE 8TH |
Hillsboro Hops batting - Pitching for West Virginia Black Bears : RHP Mike Rosen
|
Now at 3B: John DeVillier
|
|
Pinch Hitting: LHB Josh Thomas
|
0-0: Ball 1-0: Ball 2-0: Called Strike 2-1: Foul Ball, location: 2F 2-2: Ball 3-2: Foul Ball, location: 2F 3-2: Foul Ball, location: 2F 3-2: Fly out, F8 (Flyball, 8LD, EV 88.8 MPH)
|
Batting: LHB Tommy King
|
0-0: Swinging Strike 0-1: Foul Ball, location: 2F 0-2: Ball 1-2: Ball 2-2: Ground out 4-3 (Groundball, 4, EV 85.0 MPH)
|
Batting: RHB Jonathan Underhill
|
0-0: SINGLE (Line Drive, 7S, EV 105.6 MPH)
|
Batting: RHB Nikita Schram
|
0-0: Ball 1-0: Swinging Strike 1-1: Ball 2-1: Ground out 4-3 (Groundball, 4, EV 86.2 MPH)
|
Top of the 8th over - 0 runs, 1 hit, 0 errors, 1 left on base; Hillsboro 2 - West Virginia 2 |
BOTTOM OF THE 8TH |
West Virginia Black Bears batting - Pitching for Hillsboro Hops : RHP Justin Gasper
|
Now at SS: Josh Kirk
|
|
Batting: RHB Tyler West
|
0-0: Called Strike 0-1: Swinging Strike 0-2: Foul Ball, location: 2F 0-2: Foul Ball, location: 2F 0-2: Ball 1-2: SINGLE (Groundball, 4MD, EV 98.8 MPH)
|
Pitching: RHP Dan Thompson
|
|
Batting: RHB Terrence Wilson
|
0-0: Sac Bunt to 5S - play at first, batter OUT! 5-3 Tyler West to second
|
Batting: LHB Josh Aerni
|
0-0: Intentional Walk
|
Batting: RHB Jaime Dubicki
|
0-0: Ball 1-0: Called Strike 1-1: Ball 2-1: Foul Ball, location: 2F 2-2: Ball 3-2: Foul Ball, location: 2F 3-2: Grounds into double play, 6-4-3 (Groundball, 56, EV 84.4 MPH)
|
Bottom of the 8th over - 0 runs, 1 hit, 0 errors, 1 left on base; Hillsboro 2 - West Virginia 2 |
TOP OF THE 9TH |
Hillsboro Hops batting - Pitching for West Virginia Black Bears : RHP Mike Rosen
|
Batting: LHB Franklin Quezada
|
0-0: Called Strike 0-1: SINGLE (Line Drive, 8RS, EV 104.4 MPH)
|
Batting: RHB Terry Jarrells
|
0-0: Foul Ball, location: 2F 0-1: Ball 1-1: Ball 2-1: Ball 3-1: Foul Ball, location: 2F 3-2: Foul Ball, location: 2F 3-2: Fly out, F8 (Flyball, 8LM, EV 97.5 MPH)
|
Pinch Hitting: SHB Morgan Batson
|
0-0: Called Strike Franklin Quezada steals 2nd base 0-1: Foul Ball, location: 2F 0-2: Strikes out swinging
|
Pinch Hitting: RHB Paul Healy
|
0-0: Intentional Walk
|
Pinch Hitting: LHB Dillon Rizzuto
|
0-0: Ball 1-0: Swinging Strike 1-1: Ball 2-1: Fly out, F8 (Line Drive, 8LM, EV 95.0 MPH)
|
Top of the 9th over - 0 runs, 1 hit, 0 errors, 2 left on base; Hillsboro 2 - West Virginia 2 |
BOTTOM OF THE 9TH |
West Virginia Black Bears batting - Pitching for Hillsboro Hops : RHP Dan Thompson
|
Now at C: Trevor Corey
|
|
Now at 3B: Morgan Batson
|
|
Now in LF: Paul Healy
|
|
Batting: SHB Curtis Thompson
|
0-0: Called Strike 0-1: Ball 1-1: Called Strike 1-2: Foul Ball, location: 2F 1-2: Ball 2-2: Ground out 5-3 (Groundball, 15, EV 81.9 MPH)
|
Batting: RHB Tim Moore
|
0-0: Ball 1-0: Called Strike 1-1: Ball 2-1: Ball 3-1: DOUBLE (Line Drive, 7LM, EV 103.8 MPH)
|
Batting: RHB Tom Tate
|
0-0: Swinging Strike 0-1: Foul Ball, location: 2F 0-2: Foul Ball, location: 2F 0-2: Strikes out looking
|
Batting: LHB Aito Harada
|
0-0: Ball 1-0: Ball 2-0: Ground out 5-3 (Groundball, 56S, EV 80.0 MPH)
|
Bottom of the 9th over - 0 runs, 1 hit, 0 errors, 1 left on base; Hillsboro 2 - West Virginia 2 |
TOP OF THE 10TH |
Hillsboro Hops batting - Pitching for West Virginia Black Bears : RHP Mike Rosen
|
Batting: LHB Josh Kirk
|
0-0: Ball 1-0: Ball 2-0: Ground out 1-3 (Groundball, 13S, EV 70.0 MPH)
|
Batting: LHB Tommy King
|
0-0: Ball 1-0: Ball 2-0: Ground out 2-3 (Groundball, 15S, EV 75.6 MPH)
|
Batting: RHB Jonathan Underhill
|
0-0: SINGLE (Groundball, 34S, EV 66.9 MPH) (infield hit)
|
Pitching: RHP Pat Hall
|
|
Batting: RHB Nikita Schram
|
0-0: Called Strike 0-1: Ball 1-1: Called Strike 1-2: Ball Jonathan Underhill steals 2nd, throwing error, E2 Jonathan Underhill to third 2-2: Strikes out swinging
|
Top of the 10th over - 0 runs, 1 hit, 1 error, 1 left on base; Hillsboro 2 - West Virginia 2 |
BOTTOM OF THE 10TH |
West Virginia Black Bears batting - Pitching for Hillsboro Hops : RHP Dan Thompson
|
Pitching: RHP John Meyer
|
|
Batting: RHB John DeVillier
|
0-0: Ball 1-0: Foul Ball, location: 2F 1-1: Ground out U3 (Groundball, 3S, EV 65.0 MPH)
|
Batting: RHB Tyler West
|
0-0: Ball 1-0: Reached on error, E3 (Groundball, 34S, EV 90.6 MPH)
|
Batting: RHB Terrence Wilson
|
0-0: Called Strike 0-1: DOUBLE (Line Drive, 8LD, EV 103.1 MPH) Tyler West to third
|
Batting: LHB Josh Aerni
|
0-0: Intentional Walk
|
Batting: RHB Jaime Dubicki
|
0-0: Ball 1-0: SINGLE (Groundball, 4D, EV 103.1 MPH) Tyler West scores
|
Bottom of the 10th over - 1 run, 2 hits, 1 error, 2 left on base; Hillsboro 2 - West Virginia 3 |
|